cohdb
Replays
Latest Replays
All Replays
Popular Replays
Top Player Replays
Match Explorer
How It Works
Community
CoH3 Stats
Reddit
Sign in to upload your games and track your stats! →
Sign in with Steam
Match 45434042
Unlisted
Match 45434042
Overview
Messages
Build Orders
End
Pioneer Squad
Construct Infanterie Kompanie
Grenadier Squad
Grenadier Squad
Grenadier Squad
Construct Luftwaffe Kompanie
221 Scout Car
Jäger Squad
Jäger Squad
Medical Station
Support Elements
MG 42 Machine Gun Team
Wirbelwind Flakpanzer
Construct Panzer Kompanie
Selects Mechanized Battlegroup
Selects Raid Package
Selects StuG Assault Group
StuG Assault Group
Construct Panzer Kompanie
Stoßtruppen Squad
Panzer IV Medium Tank
Selects Spotting Scopes
Selects Wespe Self-propelled Artillery
Selects Zeroing Artillery Barrage
Side Skirts
Luftwaffe Officer Quarters
Pioneer Squad
Jäger Squad
Selects Panther Heavy Tank
Zeroing Artillery Barrage
Panther Heavy Tank
Panther Heavy Tank
Pioneer Squad
Panther Heavy Tank
Nico-Nico-Nii~~
Nostalgi@
0
0
Comments
sign in to comment!
No comments posted yet!